 Dungeon Crawl Stone Soup version 0.26.1-16-g4e020e15dc (webtiles) character file.

Game seed: 8307031527043946880

365513 Froggeryz the Warrior (level 21, -2/201 HPs)
             Began as a Grey Draconian Transmuter on Feb 20, 2024.
             Was the Champion of Ru.
             Slain by a vault guard
             ... wielding a +3 vorpal long sword
              (16 damage)
             ... on level 4 of the Vaults on Feb 21, 2024.
             The game lasted 01:32:59 (76849 turns).

Froggeryz the Warrior (Grey Draconian Transmuter)  Turns: 76849, Time: 01:32:59

Health: -2/201     AC: 24    Str: 15    XL:     21   Next: 58%
Magic:  33/33      EV: 23    Int: 21    God:    Ru [******]
Gold:   1375       SH:  0    Dex: 15    Spells: 24/37 levels left

rFire    + . .     SeeInvis .     - Unarmed
rCold    + + .     Faith    +   (no shield)
rNeg     + . .     Spirit   .   (armour unavailable)
rPois    .         Reflect  .   z - +0 hat
rElec    +         Harm     .   C - +2 cloak {rC+}
rCorr    .         Rampage  .   F - +2 pair of gloves {archery}
Will     +++..                  S - +1 pair of boots
Stlth    ..........             x - amulet of the Philosopher {Faith rC+ rN+}
HPRegen  0.43/turn              m - ring "Damnable Contraption" {+Fly rElec rF+}
MPRegen  0.23/turn              I - ring of the Mage {Wiz Will++ Int+3}

@: no status effects
A: walk through water, unfitting armour, stinger 1, blink, screaming 1,
unbreathing, cold-blooded, no stealth, inability to use devices, disrupted magic
1, inexperienced 1, AC +16
}: 2/15 runes: decaying, serpentine
a: Blink, Renounce Religion, Draw Out Power, Power Leap, Apocalypse


You were on level 4 of the Vaults.
You worshipped Ru.
Ru was exalted by your worship.
You visited 7 branches of the dungeon, and saw 39 of its levels.
You visited 1 bazaar.
You also visited: Sewer, Ice Cave and Wizlab.

You collected 4577 gold pieces.
You spent 3202 gold pieces at shops.

Inventory:

Armour
 p - the +18 shield of the Gong {rElec rN+ Will+ EV-5}
   (You found it on level 3 of the Elven Halls)

   It affects your evasion (-5).
   It insulates you from electricity.
   It protects you from negative energy.
   It affects your willpower, your defense against some magical effects.
 z - a +0 hat (worn)
 C - a +2 cloak of cold resistance (worn)
 F - a +2 pair of gloves of archery (worn)
 J - the +2 ratskin cloak {*Rats rPois rN+ Str-1 Int-1 Dex+1}
   (You found it on level 8 of the Dungeon)

   It affects your strength (-1).
   It affects your intelligence (-1).
   It affects your dexterity (+1).
   It protects you from poison.
   It protects you from negative energy.
 S - a +1 pair of boots (worn)
Jewellery
 a - the ring "Muwimpoy" {rC+ AC+4 Str+5}
   (You acquired it on level 3 of the Lair of Beasts)

   [ring of protection]

   It affects your AC (+4).
   It affects your strength (+5).
   It protects you from cold.
 m - the ring "Damnable Contraption" (left hand) {+Fly rElec rF+}
   (You bought it in a shop in a bazaar)

   [ring of flight]

   It protects you from fire.
   It insulates you from electricity.
   It lets you fly.
 u - an uncursed amulet of guardian spirit
 x - the amulet of the Philosopher (around neck) {Faith rC+ rN+}
   (You bought it in a shop in a bazaar)

   [amulet of faith]

   It allows you to gain divine favour quickly.
   It protects you from cold.
   It protects you from negative energy.
 y - an uncursed ring of positive energy
 A - an uncursed ring of protection from cold
 B - the ring of Roaty {rElec rF+ rC- rN+++ Str+3}
   (You bought it in a shop in a bazaar)

   [ring of protection from fire]

   It affects your strength (+3).
   It protects you from fire.
   It makes you vulnerable to cold.
   It insulates you from electricity.
   It renders you almost immune to negative energy.
 H - the ring of Fun {Int+6 Dex+3}
   (You took it off a centaur on level 1 of the Vaults)

   [ring of intelligence]

   It affects your intelligence (+6).
   It affects your dexterity (+3).
 I - the ring of the Mage (right hand) {Wiz Will++ Int+3}
   (You bought it in a shop in a bazaar)

   [ring of wizardry]

   It improves your spell success rate.
   It affects your intelligence (+3).
   It affects your willpower, your defense against some magical effects.
Scrolls
 b - 22 scrolls of remove curse
 f - 10 scrolls of identify
 g - 7 scrolls of fear
 h - 19 scrolls of teleportation
 l - 2 scrolls of amnesia
 n - a scroll of blinking
 t - 3 scrolls of enchant armour
 w - 4 scrolls of fog
 G - 4 scrolls of magic mapping
 M - 4 scrolls of immolation
 Q - a scroll of silence
 T - 3 scrolls of holy word
Potions
 c - 3 potions of haste
 d - 3 potions of brilliance
 e - 12 potions of attraction
 i - 2 potions of magic
 j - 2 potions of mutation
 k - 9 potions of heal wounds
 o - 3 potions of invisibility
 q - 3 potions of might
 r - 17 potions of curing
 s - 5 potions of flight
 v - 6 potions of resistance
 D - 2 potions of cancellation
 E - 3 potions of berserk rage
 R - 4 potions of ambrosia


   Skills:
 + Level 20.2 Fighting
 - Level 15.3 Dodging
 * Level 11.7 Shields
 + Level 19.8 Unarmed Combat
 + Level 8.5 Spellcasting
 - Level 5.2 Translocations
 - Level 14.1 Transmutations
 - Level 12.2 Earth Magic


You had 24 spell levels left.
You knew the following spells:

 Your Spells              Type           Power        Failure   Level
a - Beastly Appendage     Tmut           100%         1%          1
b - Blade Hands           Tmut           31%          1%          5
c - Blink                 Tloc           N/A          1%          2
d - Lesser Beckoning      Tloc           15%          1%          3
e - Passwall              Tmut/Erth      49%          1%          2

Your spell library contained the following spells:

 Spells                   Type           Power        Failure   Level
 Apportation              Tloc           62%          1%          1
 Wereblood                Tmut           62%          1%          2
 Gell's Gravitas          Tloc           15%          1%          3
 Spider Form              Tmut/Pois      19%          1%          3
 Teleport Other           Tloc           31%          1%          3
 Petrify                  Tmut/Erth      59%          1%          4
 Lee's Rapid Deconstruct  Erth           28%          1%          5
 Ignite Poison            Fire/Tmut/Pois 28%          2%          3
 Ice Form                 Ice/Tmut       38%          2%          4
 Animate Skeleton         Necr           16%          4%          1
 Foxfire                  Conj/Fire      32%          4%          1
 Magic Dart               Conj           32%          4%          1
 Pain                     Necr           32%          4%          1
 Shock                    Conj/Air       32%          4%          1
 Passage of Golubria      Tloc           N/A          5%          4
 Call Imp                 Summ           8%           7%          2
 Corpse Rot               Necr/Air       N/A          7%          2
 Ensorcelled Hibernation  Hex/Ice        16%          7%          2
 Poisonous Vapours        Pois/Air       16%          7%          2
 Searing Ray              Conj           16%          7%          2
 Slow                     Hex            8%           7%          2
 Sublimation of Blood     Necr           4%           7%          2
 Swiftness                Air            8%           7%          2
 Irradiate                Conj/Tmut      19%          7%          5
 Yara's Violent Unravell  Hex/Tmut       19%          7%          5
 Confusing Touch          Hex            8%           12%         3
 Conjure Flame            Conj/Fire      8%           12%         3
 Dazzling Flash           Conj/Hex       16%          12%         3
 Inner Flame              Hex/Fire       8%           12%         3
 Mephitic Cloud           Conj/Pois/Air  8%           12%         3
 Static Discharge         Conj/Air       8%           12%         3
 Tukima's Dance           Hex            8%           12%         3
 Vampiric Draining        Necr           4%           12%         3
 Iskenderun's Mystic Bla  Conj/Tloc      20%          14%         4
 Bolt of Magma            Conj/Fire/Erth 13%          21%         5
 Summon Forest            Summ/Tloc      10%          32%         5
 Airstrike                Air            4%           34%         4
 Animate Dead             Necr           4%           34%         4
 Cause Fear               Hex            4%           34%         4
 Dispel Undead            Necr           8%           34%         4
 Fulminant Prism          Conj/Hex       4%           34%         4
 Hailstorm                Conj/Ice       8%           34%         4
 Sticky Flame             Conj/Fire      8%           34%         4
 Agony                    Necr           8%           67%         5
 Excruciating Wounds      Necr           4%           67%         5
 Fireball                 Conj/Fire      4%           67%         5
 Iskenderun's Battlesphe  Conj           8%           67%         5
 Lightning Bolt           Conj/Air       4%           67%         5
 Metabolic Englaciation   Hex/Ice        4%           67%         5
 Silence                  Hex/Air        4%           67%         5
 Summon Demon             Summ           4%           67%         5
 Summon Mana Viper        Hex/Summ       8%           67%         5
 Death Channel            Necr           4%           99%         6
 Freezing Cloud           Conj/Ice/Air   4%           99%         6
 Invisibility             Hex            8%           99%         6
 Ozocubu's Refrigeration  Ice            4%           99%         6
 Shadow Creatures         Summ           N/A          99%         6
 Simulacrum               Ice/Necr       4%           99%         6
 Starburst                Conj/Fire      4%           99%         6
 Malign Gateway           Summ/Tloc      10%          100%        7
 Monstrous Menagerie      Summ           4%           100%        7
 Orb of Destruction       Conj           4%           100%        7
 Spellforged Servitor     Conj/Summ      4%           100%        7
 Summon Greater Demon     Summ           4%           100%        7
 Summon Hydra             Summ           4%           100%        7
 Discord                  Hex            4%           100%        8
 Disjunction              Tloc           15%          100%        8
 Ignition                 Fire           4%           100%        8
 Summon Horrible Things   Summ           4%           100%        8
 Shatter                  Erth           28%          100%        9
 Tornado                  Air            4%           100%        9


Dungeon Overview and Level Annotations

Branches:
Dungeon (15/15)            Temple (0/1) D:7            Lair (6/6) D:9
  Swamp (4/4) Lair:3        Snake (4/4) Lair:3        Slime (0/5) Lair:5
    Orc (2/2) D:10            Elf (3/3) Orc:2        Vaults (5/5) D:13
  Crypt (0/3) Vaults:3     Depths (0/5) D:15          Sewer (visited)
  IceCv (visited)          WizLab (visited)

Altars:
Ashenzari
Cheibriados
Fedhas
Gozag
Kikubaaqudgha
Nemelex Xobeh
Qazlal
Ru
Sif Muna
Uskayaw
Vehumet
Wu Jian
Xom
Zin
Beogh

Shops:
D:5 ?   D:9 [   Orc:2 }*!(   Snake:4 (   Vaults:4 (

Portals:
Trove: Vaults:1 (give +2 gold dragon scales)

Annotations:
Lair:4 SnubMonkey's ghost, journeyman GnEn
Swamp:1 2 transporters, exclusion: obsidian statue
Snake:1 3 runed translucent doors, Gygal Fez's ghost, adept MiFi
Vaults:2 3 runed translucent doors, Adoajy's ghost, adept DsWr


Innate Abilities, Weirdness & Mutations

You can walk through water.
Your dull iron-grey scales are very hard. (AC +16)
You cannot fit into any form of body armour.
You occasionally shout uncontrollably at your foes.
You can survive without breathing.
You are cold-blooded and may be slowed by cold attacks.
You cannot be stealthy.
You cannot study or use magical devices.
Your casting is slightly disrupted.
You are somewhat inexperienced. (-2 XL)
Your tail ends in a poisonous barb.
You can translocate small distances at will.


Message History

You shred the vault guard!!!
The vault guard is almost dead.
You slash the vault guard!
You kill the vault guard!
Your hands revert to their normal proportions.
Your +2 pair of gloves of archery unmelds from your body.
You feel that your aim is more steady.
You completely miss the two-headed ogre.
The two-headed ogre hits you with a +0 giant club!
* * * LOW HITPOINT WARNING * * *
You focus your inner power and slow the two-headed ogre in retribution!
The two-headed ogre barely misses you.
The vault guard hits you but does no damage.
You punch the two-headed ogre!
The two-headed ogre is moderately wounded.
You punch the two-headed ogre!
Your tail-slap misses the two-headed ogre.
The two-headed ogre is moderately wounded.
The vault guard hits you with a +3 vorpal long sword!
You die...

.....# #. .....# #. .....# ###.
###(###### ##.#. .(.......#
##..'. ...(.....#############
##..##. .[.(.....#...#...#...#
##..###. ...[[...(#.#.#.#.#.#.#
##..## #. ....[....#...'.O@#...#
#..## #. ....(...[#####.#p###'#
#### #.
...(.).).'(.....pp...############
###......#(#.#.#)#)#.#.........##
.##......#.(.....>...#.........##
..#......#'###.#.#####.........##
⌠.#..#####...#...#...#.....<...##
..#..# #.#.#.#.#)#.#.........##
.##..# #...#..)!)(.'.........##


You could see 3 vault guards and a two-headed ogre (slow).

Vanquished Creatures
  Sojobo (Vaults:2)
  Vashnia (Snake:1)
  Saint Roka (Elf:1)
  3 deep elf blademasters
  Jorgrun (D:12)
  A tentacled monstrosity (Swamp:4)
  An Ice Fiend (IceCv)
  A deep elf master archer (Elf:3)
  A sphinx (Vaults:4)
  A storm dragon (Vaults:4)
  Kirke (Swamp:3)
  The ghost of morax the Severer, an adept FoFi of Uskayaw (Elf:1)
  2 tengu reavers (Vaults:2)
  8 nagarajas (Snake:4)
  A fire giant (Vaults:4)
  2 frost giants (Vaults:3)
  5 vault wardens
  An orc warlord (Vaults:4)
  15 deep elf sorcerers
  Aizul (Vaults:1)
  12 ironheart preservers
  A curse skull (Vaults:3)
  4 deep elf elementalists (Elf:3)
  6 stone giants
  4 very ugly things
  Nessos (D:12)
  7 deep elf annihilators
  2 deep elf demonologists
  10 purple draconians (WizLab)
  Azrael (D:13)
  An entropy weaver (Vaults:3)
  2 bunyips
  A dire elephant (Lair:6)
  5 eleionomae
  2 ettins (Vaults:4)
  8 statues (WizLab)
  2 green deaths (Swamp:4)
  6 deep elf death magi
  Josephine (Swamp:1)
  9 yaktaur captains
  7 deep elf high priests (Elf:3)
  2 shambling mangroves
  8 ogre magi
  A great orb of eyes (Vaults:3)
  14 vault guards (Vaults:4)
  2 ice dragons
  6 boulder beetles
  3 rakshasas
  18 hydras
  9 anacondas
  8 naga warriors
  A merfolk avatar (Lair:6)
  8 alligators
  7 centaur warriors
  22 two-headed ogres
  3 ghost crabs
  A deep troll earth mage (Vaults:3)
  26 dancing weapons
  A tengu warrior (D:13)
  A vampire mage (Vaults:3)
  2 thrashing horrors (Swamp:4)
  6 orc high priests
  8 death yaks
  10 naga sharpshooters
  2 shock serpents
  A small abomination (Vaults:4)
  19 deep elf knights
  3 shadow wraiths
  A salamander mystic (Snake:1)
  2 unseen horrors (shapeshifter) (Vaults:2)
  A golden dragon zombie (Vaults:4)
  2 deep trolls (Vaults:3)
  2 goliath frogs
  3 unseen horrors
  8 swamp dragons
  8 naga ritualists
  7 bog bodies
  A wizard (Vaults:3)
  15 deep elf archers
  2 necromancers
  11 ironbrand convokers
  Pikel (D:4)
  37 ugly things
  A lindwurm (D:13)
  2 oklob plants
  A harpy (shapeshifter) (Vaults:4)
  8 harpies
  14 orc knights
  7 orc sorcerers
  10 mana vipers
  3 wolf spiders
  68 deep elf magi
  5 manticores
  9 cyclopes
  5 salamanders
  A will-o-the-wisp (Swamp:1)
  A guardian serpent (Snake:3)
  A salamander (shapeshifter) (Vaults:2)
  12 naga magi
  13 elephants
  A centaur zombie (D:14)
  20 black mambas
  An ice statue (IceCv)
  A gargoyle (D:15)
  6 vault sentinels
  Joseph (D:8)
  2 orange demons (Swamp:4)
  An eye of devastation (Lair:5)
  Maggie (D:6)
  18 cane toads
  5 rime drakes
  3 tengu conjurers
  6 ice devils (IceCv)
  5 freezing wraiths
  37 yaktaurs
  10 komodo dragons
  8 anaconda simulacra (IceCv)
  4 tyrant leeches
  7 trolls
  2 jumping spiders (Vaults:3)
  A queen bee (shapeshifter) (Vaults:4)
  12 hornets
  4 polar bears
  A queen bee (Lair:3)
  2 tengu simulacra (Vaults:4)
  A hornet (shapeshifter) (Elf:3)
  Prince Ribbit (D:6)
  11 slime creatures
  A raiju (shapeshifter) (Elf:1)
  A human simulacrum (Vaults:4)
  3 air elementals
  A vampire (D:12)
  A spriggan (Swamp:1)
  A flying skull (Vaults:3)
  A tarantella (shapeshifter) (D:14)
  5 water elementals
  3 dire elephant simulacra (IceCv)
  6 shadows
  2 redbacks (Vaults:3)
  33 yaks
  5 wraiths
  A spriggan (shapeshifter) (D:14)
  A large abomination (Swamp:4)
  9 fire elementals
  3 hogs
  The ghost of feta the Covered, an amateur BaFi (D:3)
  A hog (shapeshifter) (Elf:2)
  10 basilisks
  12 wyverns
  5 vampire mosquitoes
  6 wargs
  4 iron troll simulacra (IceCv)
  2 acid dragons (D:13)
  17 swamp worms
  2 harpy simulacra (IceCv)
  2 soldier ants
  22 water moccasins
  46 nagas
  A hydra simulacrum (IceCv)
  2 hell hounds (D:13)
  4 ice beasts
  9 black bears
  An ettin simulacrum (IceCv)
  3 eyes of draining
  2 phantoms
  43 orc warriors
  5 sky beasts
  A swamp drake (Swamp:3)
  20 wolves
  17 centaurs
  32 ogres
  An ogre (shapeshifter) (Vaults:2)
  A boggart (Vaults:1)
  A lemure (D:4)
  A boggart (shapeshifter) (Vaults:2)
  Blork the orc (D:6)
  3 earth elementals
  16 bullfrogs
  3 big kobolds
  A gnoll sergeant (D:12)
  A human skeleton (Vaults:4)
  7 scorpions
  32 killer bees
  2 electric eels
  9 wights
  4 howler monkeys
  3 bullfrog zombies
  3 draconian simulacra (IceCv)
  10 hounds
  4 jellies
  4 bullfrog skeletons
  5 centaur skeletons
  29 orc priests
  26 orc wizards
  4 iguanas
  9 worker ants
  A polar bear simulacrum (IceCv)
  A hell rat (D:8)
  A troll simulacrum (IceCv)
  A wolf simulacrum (IceCv)
  2 hound zombies (D:8)
  A hound skeleton (D:5)
  Robin (D:4)
  16 adders
  6 gnolls
  A howler monkey skeleton (D:11)
  4 naga simulacra (IceCv)
  8 river rats
  2 ogre simulacra (IceCv)
  12 white imps
  12 ufetubi
  3 oozes
  2 adder zombies
  3 adder skeletons
  5 worms (D:3)
  3 dart slugs (D:1)
  6 leopard geckos
  90 orcs
  16 giant cockroaches
  16 goblins
  12 hobgoblins
  4 jackals (D:3)
  25 kobolds
  A quokka (D:10)
  8 ball pythons
  A ball python skeleton (D:5)
  4 bats
  9 frilled lizards
  A giant cockroach zombie (D:6)
  A jackal zombie (D:5)
  2 quokka skeletons
  46 rats
  3 crawling corpses (Elf:3)
1624 creatures vanquished.

Vanquished Creatures (collateral kills)
  A deep elf high priest (Elf:3)
  A two-headed ogre (D:15)
  A naga sharpshooter (Snake:4)
  A slime creature (Swamp:4)
  An oklob plant (D:11)
  6 elephants
  A cane toad (Lair:6)
  A komodo dragon (Lair:6)
  A spriggan (Swamp:1)
  A wolf (Lair:6)
  An orc priest (D:10)
  An orc wizard (Orc:2)
  2 orcs (Orc:2)
19 creatures vanquished.

Vanquished Creatures (others)
  A statue (WizLab)
  A naga warrior (Snake:2)
  A dancing weapon (Elf:2)
  A spriggan (Swamp:1)
  A deep elf knight (Elf:2)
  3 deep elf magi
  An ugly thing (D:14)
  2 naga magi
  A freezing wraith (IceCv)
  2 yaktaurs (Vaults:3)
  A yaktaur (shapeshifter) (Vaults:1)
  3 bloated husks
  A hornet (Swamp:1)
  A polar bear (Lair:5)
  4 wraiths (Swamp:1)
  A wyvern (D:11)
  3 yaks
  A naga (Snake:4)
  An orc warrior (Elf:1)
  An ogre (Vaults:4)
  2 orc wizards
  An orc priest (Orc:2)
  2 orcs
  2 bushes (Lair:6)
  A crawling corpse (Elf:3)
  2 foxfires (Swamp:1)
  39 fungi
  88 plants
168 creatures vanquished.

Grand Total: 1811 creatures vanquished

Notes
Turn   | Place    | Note
-------+----------+-------------------------------------------
     0 | D:1      | Froggeryz the Draconian Transmuter began the quest for the
                  | Orb.
     0 | D:1      | Reached XP level 1. HP: 16/16 MP: 3/3
   385 | D:1      | Reached XP level 2. HP: 20/23 MP: 5/5
   802 | D:1      | Reached XP level 3. HP: 18/28 MP: 4/6
  1339 | D:2      | Noticed a +0 hand axe
  1394 | D:2      | Reached skill level 5 in Unarmed Combat
  1394 | D:2      | Reached XP level 4. HP: 18/35 MP: 7/7
  1915 | D:2      | Found a sparkling altar of Nemelex Xobeh.
  1978 | D:2      | Noticed a +0 dagger
  1979 | D:2      | Found a hide-covered altar of Uskayaw.
  2084 | D:2      | Found an ornate altar of the Wu Jian Council.
  2201 | D:3      | Reached XP level 5. HP: 39/40 MP: 8/8
  2453 | D:3      | Gained mutation: Your muscles are strong. (Str +2) [potion
                  | of mutation]
  2453 | D:3      | Lost mutation: Your muscles are strong. (Str +2) [potion of
                  | mutation]
  2453 | D:3      | Gained mutation: Your tail ends in a poisonous barb.
                  | [potion of mutation]
  2453 | D:3      | Gained mutation: You can translocate small distances at
                  | will. [potion of mutation]
  2489 | D:3      | Found a glowing drain.
  2502 | Sewer    | Entered a sewer
  2935 | Sewer    | Reached XP level 6. HP: 27/47 MP: 9/9
  4090 | D:3      | Found a runed translucent gate.
  4090 | D:3      | Found a runed translucent gate.
  4090 | D:3      | Found an opulent altar of Gozag.
  4091 | D:3      | Found a runed translucent gate.
  4101 | D:3      | Noticed feta's ghost (amateur BaFi)
  4526 | D:3      | Found a radiant altar of Vehumet.
  4694 | D:4      | Noticed Robin
  4713 | D:4      | Killed Robin
  4773 | D:4      | Your scales start taking on a dull iron-grey colour.
  4773 | D:4      | Reached XP level 7. HP: 40/52 MP: 7/10
  4773 | D:4      | Gained mutation: You can survive without breathing. [Grey
                  | Draconian growth]
  5049 | D:4      | Noticed a troll
  5074 | D:5      | Entered Level 5 of the Dungeon
  5723 | D:4      | Killed a troll
  5724 | D:4      | Reached skill level 10 in Unarmed Combat
  5724 | D:4      | Reached XP level 8. HP: 56/59 MP: 9/11
  6238 | D:4      | Noticed Pikel
  6253 | D:4      | Killed Pikel
  6254 | D:4      | Reached skill level 4 in Fighting
  6703 | D:5      | Found Facri's Magic Scroll Shoppe.
  6711 | D:5      | Bought a scroll of teleportation for 36 gold pieces
  6711 | D:5      | Bought a scroll of fog for 24 gold pieces
  7055 | D:5      | Found a stormy altar of Qazlal.
  7516 | D:6      | Reached skill level 5 in Fighting
  7516 | D:6      | Reached XP level 9. HP: 66/74 MP: 10/12
  7587 | D:6      | Noticed Prince Ribbit
  7611 | D:6      | Killed Prince Ribbit
  8070 | D:6      | Noticed Blork the orc
  8078 | D:6      | Killed Blork the orc
  8079 | D:6      | Reached skill level 6 in Fighting
  8249 | D:6      | Learned a level 5 spell: Blade Hands
  8256 | D:6      | Found a broken altar of Ashenzari.
  8256 | D:6      | Found a glowing silver altar of Zin.
  8315 | D:6      | Noticed Maggie
  8323 | D:6      | Paralysed by Maggie for 7 turns
  8338 | D:6      | Paralysed by Maggie for 4 turns
  8345 | D:6      | Killed Maggie
  8773 | D:7      | Found a sacrificial altar of Ru.
  8789 | D:7      | Became a worshipper of Ru the Awakened
  8800 | D:7      | You fall into a shaft and drop 3 floors!
  8800 | D:10     | Entered Level 10 of the Dungeon
  8908 | D:9      | Reached skill level 7 in Fighting
  9262 | D:10     | Reached XP level 10. HP: 45/88 MP: 7/13
  9269 | D:10     | Reached skill level 8 in Fighting
  9274 | D:10     | Reached skill level 5 in Dodging
 10023 | D:9      | Found Osah's Armour Shoppe.
 10118 | D:9      | HP: 2/90 [troll (3)]
 10573 | D:9      | Reached skill level 9 in Fighting
 10590 | D:9      | Found a staircase to the Lair.
 10858 | D:9      | Noticed a boulder beetle
 11230 | D:9      | Killed a boulder beetle
 11650 | D:9      | Gained mutation: Your casting is slightly disrupted. [Ru
                  | sacrifice]
 11650 | D:9      | Reached * piety under Ru
 11930 | D:8      | Reached skill level 5 in Transmutations
 12277 | D:7      | Found a staircase to the Ecumenical Temple.
 13096 | D:8      | Reached skill level 10 in Fighting
 13117 | D:8      | Reached XP level 11. HP: 86/99 MP: 14/14
 13656 | D:8      | Noticed Joseph
 13657 | D:8      | Found the +2 ratskin cloak {*Rats rPois rN+ Str-1 Int-1
                  | Dex+1}
 13674 | D:8      | Killed Joseph
 13687 | D:8      | Gained mutation: You are somewhat inexperienced. (-2 XL)
                  | [Ru sacrifice]
 13687 | D:8      | Reached XP level 10. HP: 93/93 MP: 13/13
 13687 | D:8      | Reached XP level 9. HP: 85/85 MP: 12/12
 13687 | D:8      | Reached ** piety under Ru
 13687 | D:8      | Reached *** piety under Ru
 13777 | Lair:1   | Entered Level 1 of the Lair of Beasts
 14243 | Lair:1   | Noticed a seven-headed hydra
 14250 | Lair:1   | Killed a seven-headed hydra
 14502 | Lair:1   | Noticed a cane toad
 14510 | Lair:1   | Killed a cane toad
 14511 | Lair:1   | Reached XP level 10. HP: 60/94 MP: 8/13
 14971 | Lair:1   | Noticed a four-headed hydra
 14980 | Lair:1   | Killed a four-headed hydra
 15282 | Lair:2   | Noticed a cane toad
 15288 | Lair:2   | Noticed a cane toad
 15289 | Lair:2   | Killed a cane toad
 15438 | Lair:1   | Killed a cane toad
 15622 | Lair:2   | Reached skill level 11 in Fighting
 15706 | Lair:2   | Noticed a cane toad
 15711 | Lair:2   | Killed a cane toad
 15797 | Lair:2   | Reached XP level 11. HP: 100/102 MP: 12/14
 16349 | Lair:2   | Noticed a seven-headed hydra
 16359 | Lair:2   | Killed a seven-headed hydra
 16966 | Lair:3   | Noticed a boulder beetle
 17030 | Lair:3   | Killed a boulder beetle
 17524 | Lair:3   | Found a staircase to the Snake Pit.
 17870 | Lair:3   | Identified Nacenirun's Volume of the Rocks and Attacks
 17883 | Lair:3   | Found a staircase to the Swamp.
 18165 | Lair:3   | Reached skill level 12 in Fighting
 18984 | Lair:4   | Noticed a death yak
 18984 | Lair:4   | Noticed a death yak
 18985 | Lair:4   | Noticed a death yak
 18985 | Lair:4   | Noticed a death yak
 19004 | Lair:3   | Killed a death yak
 19005 | Lair:3   | Reached XP level 12. HP: 41/112 MP: 7/16
 19341 | Lair:3   | Identified a scroll of acquirement
 19345 | Lair:3   | Acquired the ring "Muwimpoy" {rC+ AC+4 Str+5}
 19390 | Lair:3   | Killed a death yak
 19544 | Lair:3   | Killed a death yak
 19556 | Lair:4   | Killed a death yak
 19885 | Lair:4   | Found a runed translucent gate.
 19901 | Lair:4   | Found a runed translucent gate.
 19904 | Lair:4   | Noticed a 14-headed hydra
 19904 | Lair:4   | Noticed SnubMonkey's ghost (journeyman GnEn)
 19934 | Lair:4   | Found a runed translucent gate.
 20238 | Lair:4   | Noticed a 14-headed hydra
 20888 | Lair:5   | Found a staircase to the Slime Pits.
 21039 | Lair:5   | Noticed a five-headed hydra
 21047 | Lair:5   | Killed a five-headed hydra
 21132 | Lair:5   | Noticed a four-headed hydra
 21143 | Lair:5   | Killed a four-headed hydra
 21408 | Lair:5   | Noticed a four-headed hydra
 21416 | Lair:5   | Killed a four-headed hydra
 21417 | Lair:5   | Reached skill level 5 in Spellcasting
 22048 | Lair:6   | Entered Level 6 of the Lair of Beasts
 22054 | Lair:5   | Learned a level 2 spell: Blink
 22058 | Lair:5   | Learned a level 3 spell: Lesser Beckoning
 22153 | Lair:6   | Reached XP level 13. HP: 107/119 MP: 17/20
 22173 | Lair:6   | Reached skill level 13 in Fighting
 22173 | Lair:6   | Reached skill level 1 in Translocations
 23171 | Lair:6   | Reached skill level 10 in Dodging
 24830 | Lair:6   | Gained mutation: You occasionally shout uncontrollably at
                  | your foes. [Ru sacrifice]
 24884 | Lair:6   | Noticed a dire elephant
 24902 | Lair:6   | Killed a dire elephant
 25496 | Lair:6   | Reached skill level 5 in Translocations
 26412 | D:3      | Killed feta's ghost
 26636 | D:10     | Learned a level 2 spell: Passwall
 26718 | D:10     | Identified the cursed +0 ring mail of Otror {rF- Str+7
                  | Int+5}
 26789 | D:10     | Reached XP level 14. HP: 127/130 MP: 19/21
 27067 | D:10     | Found a staircase to the Orcish Mines.
 27152 | D:10     | Reached skill level 14 in Fighting
 27152 | D:10     | Reached skill level 1 in Earth Magic
 27234 | Orc:1    | Entered Level 1 of the Orcish Mines
 27511 | Orc:2    | Entered Level 2 of the Orcish Mines
 28292 | Orc:1    | Gained mutation: You cannot study or use magical devices.
                  | [Ru sacrifice]
 28292 | Orc:1    | Reached **** piety under Ru
 28292 | Orc:1    | Reached ***** piety under Ru
 28945 | Orc:2    | Paralysed by an orc sorcerer for 7 turns
 29576 | Orc:1    | Reached skill level 15 in Unarmed Combat
 30100 | Orc:2    | Found a staircase to the Elven Halls.
 30227 | Orc:2    | Found a roughly hewn altar of Beogh.
 30495 | Orc:2    | Found Sacziupp's Antique Weapon Emporium.
 30495 | Orc:2    | Found Xonur's Distillery.
 30497 | Orc:2    | Found Akhlun's General Store.
 30497 | Orc:2    | Found Huffeq's Gadget Boutique.
 30557 | Orc:2    | Bought a potion of curing for 39 gold pieces
 30557 | Orc:2    | Bought a potion of heal wounds for 65 gold pieces
 30557 | Orc:2    | Bought a potion of curing for 39 gold pieces
 30557 | Orc:2    | Bought a potion of mutation for 104 gold pieces
 30557 | Orc:2    | Bought a potion of curing for 39 gold pieces
 30557 | Orc:2    | Bought 2 potions of curing for 78 gold pieces
 30557 | Orc:2    | Bought a potion of heal wounds for 65 gold pieces
 30560 | Orc:2    | Bought a potion of heal wounds for 70 gold pieces
 30560 | Orc:2    | Bought a scroll of enchant armour for 105 gold pieces
 30795 | D:11     | Found a shimmering altar of Xom.
 30887 | D:11     | Found a blossoming altar of Fedhas.
 31835 | D:11     | Reached skill level 5 in Earth Magic
 31997 | D:11     | Found a shimmering blue altar of Sif Muna.
 32069 | D:11     | Found a snail-covered altar of Cheibriados.
 32259 | D:11     | Gained mutation: You cannot be stealthy. [Ru sacrifice]
 32259 | D:11     | Reached ****** piety under Ru
 32551 | D:12     | Noticed Jorgrun
 32567 | D:12     | Killed Jorgrun
 32700 | D:12     | Noticed Nessos
 32712 | D:12     | Killed Nessos
 33704 | D:13     | Noticed Azrael
 33716 | D:13     | Killed Azrael
 34502 | D:13     | Reached XP level 15. HP: 37/139 MP: 5/22
 35083 | D:13     | Reached skill level 15 in Fighting
 35658 | D:13     | Found a gate to the Vaults.
 36946 | D:15     | Entered Level 15 of the Dungeon
 37998 | D:15     | Found a staircase to the Depths.
 38404 | Swamp:1  | Entered Level 1 of the Swamp
 38445 | Swamp:1  | Noticed Josephine
 38456 | Swamp:1  | Killed Josephine
 39174 | Swamp:1  | Found a transporter.
 39184 | Swamp:1  | Found the ring of Shadows {Umbra +Inv Stlth+}
 39849 | Swamp:1  | Found a transporter.
 41634 | Swamp:3  | Noticed Kirke
 41657 | Swamp:3  | Killed Kirke
 42114 | Swamp:3  | Reached XP level 16. HP: 132/151 MP: 14/23
 42279 | Swamp:3  | Reached skill level 16 in Fighting
 42533 | Swamp:4  | Entered Level 4 of the Swamp
 42654 | Swamp:4  | Reached skill level 10 in Earth Magic
 44129 | Swamp:4  | Noticed a tentacled monstrosity
 44144 | Swamp:4  | Killed a tentacled monstrosity
 44639 | Swamp:4  | Got a decaying rune of Zot
 44913 | Snake:1  | Entered Level 1 of the Snake Pit
 45380 | Snake:1  | Found a runed translucent gate.
 45382 | Snake:1  | Found a runed translucent gate.
 45382 | Snake:1  | Found a runed translucent gate.
 45462 | Snake:1  | Noticed Gygal Fez's ghost (adept MiFi)
 46329 | Snake:2  | Noticed Vashnia
 46553 | Snake:1  | Killed Vashnia
 47687 | Snake:2  | Got a transparent bronze ring
 47696 | Snake:2  | Identified the ring "Xeethril" {*Drain rElec rPois Str+5
                  | Dex+6} (You found it on level 2 of the Snake Pit)
 47993 | Snake:2  | Reached XP level 17. HP: 150/160 MP: 22/24
 48334 | Snake:3  | Reached skill level 17 in Fighting
 49609 | Snake:4  | Entered Level 4 of the Snake Pit
 50903 | Snake:4  | Found Noxeppie's Weapon Shoppe.
 51140 | Snake:4  | Found a glowing silver altar of Zin.
 53158 | Snake:4  | Got a serpentine rune of Zot
 53458 | Elf:1    | Entered Level 1 of the Elven Halls
 53627 | Elf:1    | Reached skill level 10 in Transmutations
 53751 | Elf:1    | Found a frozen archway.
 53800 | IceCv    | Entered an ice cave
 54482 | IceCv    | Reached XP level 18. HP: 150/171 MP: 21/25
 54990 | IceCv    | Noticed an Ice Fiend
 55008 | IceCv    | Killed an Ice Fiend
 55451 | Elf:1    | Found a runed translucent door.
 55456 | Elf:1    | Noticed morax's ghost (adept FoFi)
 55801 | Elf:1    | Killed morax's ghost
 55968 | Elf:2    | Noticed Saint Roka
 56020 | Elf:1    | Killed Saint Roka
 56812 | Elf:2    | Reached skill level 18 in Fighting
 57386 | Elf:2    | Found a runed translucent gate.
 57386 | Elf:2    | Found a runed translucent gate.
 57386 | Elf:2    | Found a runed translucent gate.
 59244 | Elf:3    | Entered Level 3 of the Elven Halls
 60285 | Elf:2    | Reached skill level 15 in Dodging
 60638 | Elf:3    | Reached XP level 19. HP: 135/180 MP: 24/26
 63016 | Elf:3    | Identified the Catalogue of Shifting Snow
 63038 | Elf:3    | Identified the Compendium of the Enthralling Voyage
 63111 | Elf:3    | Found the +3 robe of Folly {Archmagi, Will-- Int+5}
 63122 | Elf:3    | Found the +18 shield of the Gong {rElec rN+ Will+ EV-5}
 63130 | Elf:3    | Got a steaming ivory ring
 63131 | Elf:3    | Identified the ring "Ekiliett" {+Fly rC+ Will+ Slay-3 SInv}
                  | (You found it on level 3 of the Elven Halls)
 63143 | Elf:3    | Identified the Tome of the Scorching Compass
 63548 | Vaults:1 | Entered Level 1 of the Vaults
 63561 | Vaults:1 | Reached skill level 1 in Shields
 63599 | Vaults:1 | Noticed Aizul
 63615 | Vaults:1 | Killed Aizul
 63755 | Vaults:1 | Found a portal to a secret trove of treasure.
 63823 | Vaults:1 | Found a flickering gateway to a bazaar.
 63830 | Bazaar   | Entered a bazaar
 63872 | Bazaar   | Found Gileecra's Jewellery Boutique.
 63880 | Bazaar   | Found Myigocon's Gadget Shoppe.
 63891 | Bazaar   | Found Fiosuban's Assorted Antiques.
 63897 | Bazaar   | Found Tukh's Jewellery Shoppe.
 63900 | Bazaar   | Bought a bound graven amulet for 175 gold pieces
 63900 | Bazaar   | Bought a scroll of magic mapping for 122 gold pieces
 63900 | Bazaar   | Identified the amulet of the Philosopher {Faith rC+ rN+}
                  | (You bought it in a shop in a bazaar)
 63942 | Bazaar   | Bought the ring of the Mage {Wiz Will++ Int+3} for 775 gold
                  | pieces
 63942 | Bazaar   | Found the ring of the Mage {Wiz Will++ Int+3}
 63947 | Bazaar   | Bought the ring "Damnable Contraption" {+Fly rElec rF+} for
                  | 577 gold pieces
 63947 | Bazaar   | Bought the ring of Roaty {rElec rF+ rC- rN+++ Str+3} for
                  | 889 gold pieces
 64310 | Vaults:1 | Identified the ring of Fun {Int+6 Dex+3}
 64630 | Vaults:1 | Reached skill level 19 in Fighting
 65530 | Vaults:2 | Noticed a Brimstone Fiend
 65980 | Vaults:2 | Reached skill level 5 in Shields
 66124 | Vaults:2 | Noticed Sojobo
 66138 | Vaults:2 | Killed Sojobo
 66146 | Vaults:2 | Reached XP level 20. HP: 18/191 MP: 20/27
 66681 | Vaults:2 | Noticed Adoajy's ghost (adept DsWr)
 66683 | Vaults:2 | Found a runed translucent gate.
 66683 | Vaults:2 | Found a runed translucent gate.
 66683 | Vaults:2 | Found a runed translucent gate.
 69836 | Vaults:3 | Found a staircase to the Crypt.
 71327 | Vaults:4 | Found a magical portal.
 71340 | WizLab   | Entered Iskenderun's Mystic Tower
 72470 | WizLab   | Reached skill level 10 in Shields
 72504 | WizLab   | Reached XP level 21. HP: 148/200 MP: 29/32
 73337 | WizLab   | Identified the Grimoire of Dark Calling
 73357 | WizLab   | Identified Iskenderun's Reference Book on Attacks
 73357 | WizLab   | Identified Iskenderun's Compendium of Damage Dealing
 74629 | Vaults:4 | Found Dacw's Weapon Shop.
 74689 | Vaults:4 | Reached skill level 20 in Fighting
 75663 | Vaults:4 | Found an ancient bone altar of Kikubaaqudgha.
 76404 | Vaults:5 | Entered Level 5 of the Vaults
 76849 | Vaults:4 | Slain by a vault guard

Illustrated notes

Levels and vault maps discovered:
D:1:      minmay_arrival_loop, layout_basic, grunt_decor_fettered, st_stairs_13,
          minmay_misc_feat_roman, minmay_pentomino_w4
D:2:      minmay_roachtagon, layout_rooms, nemelex_altar_shiori,
          dancing_weapons_uskayaw, nzn_wu_jian_contemplation
D:3:      layout_loops_ring, marbit_many_paths, ebering_ghost_gozag,
          cheibrodos_sewer_entry_bend, grunt_ministairs_4
D:4:      layout_basic, nrook_loot_triangle, uniq_pikel, uniq_robin
D:5:      layout_layer_cave, serial_shops, shop, grunt_qazlal_sundering
D:6:      layout_basic, gammafunk_temple_overflow_elements, uniq_maggie,
          uniq_prince_ribbit1, uniq_blork_the_orc
D:7:      layout_layer_cave, old_standard_altar, minmay_temple_entry_arrows
D:8:      wander_guarded_unrand_ratskin, layout_cave_pools, uniq_joseph
D:9:      layout_irregular_city, minmay_lair_entry_grove, serial_shops,
          nicolae_shop_stone, chequers_arboretum, minmay_three_doors
D:10:     layout_roguey, david_orc_1_choice, nzn_sisyphean_effort
D:11:     layout_basic, basic_altar, hangedman_feature_mirror,
          hangedman_tree_tricks
D:12:     layout_roguey, uniq_jorgrun, uniq_nessos
D:13:     layout_layer_cave, david_vaults_4, uniq_azrael
D:14:     layout_loops_ring
D:15:     grunt_enter_depths_magical_seal, layout_loops_corners,
          minmay_stone_trees_small, nicolae_water_bricks
Lair:1:   layout_cave_pods
Lair:2:   layout_chaotic_city, beast_lair_carwin_10, grunt_megastairs_5
Lair:3:   layout_small_grid, swamp_mist_pool, guppyfry_snake_entry_garden,
          special_room [special_room_bee], st_stairs_11,
          kennysheep_basilisk_garden, grunt_megastairs_4
Lair:4:   layout_loops_ring, gammafunk_ghost_hydra_chop,
          chequers_serial_rivers_room_a
Lair:5:   layout_hall_layers, minmay_slime_entry_eyes
Lair:6:   gammafunk_lair_ancient_temple, layout_regular_city, st_stairs_10
Swamp:1:  gammafunk_sealed_arena, layout_basic_swamp, hangedman_swamp_ruin_wall,
          st_swamp_ruins_3, uniq_josephine
Swamp:2:  layout_falls_marsh, evilmike_swamp_ruin_house_2
Swamp:3:  layout_basic_swamp, evilmike_swamp_ruin_house_1, uniq_kirke
Swamp:4:  swamp_vile, layout_basic_swamp, swamp_pool2, water_boxes_lemuel
Snake:1:  layout_honeycomb, gammafunk_ghost_necromancy
Snake:2:  layout_grid_shapes, lemuel_fruit_tree, uniq_vashnia
Snake:3:  layout_gridlike
Snake:4:  minmay_snake_end_coiled, layout_cave_town, serial_shops,
          nicolae_shop_crystal, basic_altar, st_stairs_13,
          nicolae_snake_double_loop
Orc:1:    layout_diamond_mine, nicolae_orc_crystal_geode
Orc:2:    grunt_orc_tribal_feast, layout_diamond_mine, amcnicky_altar_gilded
Elf:1:    layout_loops_cross, portal_ice_cave_entry_ugly_swarm,
          ebering_ghost_inner_flame
Elf:2:    layout_geoelf_diagonals, uniq_saint_roka
Elf:3:    minmay_elf_hall_four_x, layout_onion_city
Vaults:1: nicolae_vaults_c_with_doors, ontoclasm_vaults_twist,
          nicolae_vaults_little_squares_2, vaults_room_grunt_arrival_ludios,
          nicolae_vaults_yaktaur_gun_rack, vaults_room_door_hall, v_misc_30,
          ontoclasm_vaults_chip, dpeg_vaults_monster_box, v_alt_pattern_1,
          nicolae_vaults_asterisk, vaults_dpeg_cross,
          nicolae_vaults_ring_of_whatevers, nicolae_vaults_little_squares_6,
          vaults_dpeg_hooks, ontoclasm_vaults_ring_square, layout_vaults_ring,
          serial_shops, bzr_entry_water, nicolae_trove_entry_crystal, uniq_aizul
Vaults:2: gammafunk_vaults_ghost_split, v_misc_23, v_misc_3,
          nicolae_vaults_mini_display_case,
          vaults_standard_mumra_enter_the_diamond, nicolae_vaults_specimen_jars,
          ontoclasm_vaults_loading_screen, nicolae_vaults_theta,
          layout_vaults_big_room, uniq_sojobo
Vaults:3: ontoclasm_vaults_gallery, vaults_room_ringed_pool,
          nicolae_vaults_little_squares_3, minmay_crypt_entry_simple_walls,
          nicolae_vaults_three_branches, nicolae_vaults_circle_grid_b,
          nicolae_vaults_little_squares_6, v_misc_25, hangedman_vaults_snaps,
          vaults_room_pools, layout_vaults_omnicross
Vaults:4: vaults_dpeg_diagonal, v_misc_9, vaults_dpeg_spiral,
          nicolae_vaults_circle_grid_a, v_pattern_4,
          nicolae_vaults_little_squares_4, v_alt_pattern_4, v_alt_pattern_2,
          v_misc_3, ontoclasm_vaults_spin, vaults_mumra_minichess_inversion,
          ontoclasm_vaults_pinch, special_room_vaults [special_room_orc],
          layout_vaults_omnibox, mu_enter_wizlab_2, serial_shops, shop,
          basic_altar
Vaults:5

Skill      XL: |  1  2  3  4  5  6  7  8  9 10 11 12 13 14 15 16 17 18 19 20 21 |
---------------+----------------------------------------------------------------+-----
Unarmed Combat | 4 5 6 8 10 11 13 14 15 16 17 18 19 | 19.8
Fighting       | 5 7 11 12 13 14 15 16 17 18 19 20 | 20.2
Dodging        | 3 4 7 8 9 10 11 12 13 14 15 | 15.3
Transmutations | 6 7 8 10 12 14 | 14.1
Spellcasting   | 3 5 7 8 |  8.5
Translocations | 5 |  5.2
Earth Magic    | 6 9 11 12 | 12.2
Shields        | 5 10 11 | 11.7

Action                   |  1- 3 |  4- 6 |  7- 9 | 10-12 | 13-15 | 16-18 | 19-21 || total
-------------------------+-------+-------+-------+-------+-------+-------+-------++-------
Melee: Unarmed           |   132 |   338 |   367 |   959 |  1672 |  1645 |  1334 ||  6447
       Tailslap          |     6 |    30 |    42 |   167 |   283 |   265 |   223 ||  1016
       Headbutt          |     6 |    16 |    20 |   114 |    99 |    10 |       ||   265
       Kick              |    10 |    28 |    34 |   176 |   151 |    17 |       ||   416
       Punch             |     1 |     4 |    16 |    67 |   156 |   161 |   147 ||   552
Throw: Dart              |       |     2 |     5 |    20 |     3 |       |       ||    30
 Cast: Beastly Appendage |     6 |    16 |    17 |    48 |    33 |     3 |       ||   123
       Blade Hands       |       |       |       |       |     6 |    52 |    58 ||   116
       Lesser Beckoning  |       |       |       |       |       |     2 |    11 ||    13
Invok: Sacrifice Experie |       |       |     1 |       |       |       |       ||     1
       Sacrifice Essence |       |       |       |     1 |       |       |       ||     1
       Reject Sacrifices |       |       |       |     1 |       |       |       ||     1
       Sacrifice Purity  |       |       |       |       |     1 |       |       ||     1
       Sacrifice Stealth |       |       |       |       |     1 |       |       ||     1
       Sacrifice Artific |       |       |       |       |     1 |       |       ||     1
 Abil: End Transformatio |       |       |       |       |       |     1 |       ||     1
Evoke: Wand              |       |       |     1 |    10 |     3 |       |       ||    14
  Use: Potion            |       |     5 |     5 |     3 |     1 |     9 |     3 ||    26
       Scroll            |       |     2 |     5 |     6 |    13 |    15 |    11 ||    52
 Stab: Sleeping          |       |     1 |       |     3 |     1 |       |       ||     5
       Distracted        |       |     1 |       |     4 |    11 |    11 |     8 ||    35
       Invisible         |       |       |       |       |    22 |    17 |    11 ||    50
       Paralysed         |       |       |       |       |     6 |    16 |    15 ||    37
       Petrifying        |       |       |       |       |     3 |       |       ||     3
Armor: Skin              |    53 |    96 |   128 |   349 |   496 |   434 |   236 ||  1792
Dodge: Dodged            |   109 |   201 |   177 |   770 |  1316 |  1145 |   718 ||  4436
